 Dungeon Crawl Stone Soup version 0.29.0-11-gd7f09526c8 (webtiles) character file.

Game seed: 11586103825072088357

898 Leibowitz the Cutter (level 8, -2/48 HPs)
             Began as a Kobold Gladiator on Sept 5, 2022.
             Slain by an orc warrior
             ... wielding a +0 battleaxe
              (11 damage)
             ... on level 6 of the Dungeon.
             The game lasted 00:12:15 (5294 turns).

Leibowitz the Cutter (Kobold Gladiator)             Turns: 5294, Time: 00:12:15

Health: -2/48      AC:  4    Str: 12    XL:     8   Next: 28%
Magic:  8/8        EV: 17    Int:  9    God:
Gold:   295        SH:  0    Dex: 18    Spells: 7/7 levels left

rFire   . . .      SeeInvis .   a - +0 rapier
rCold   . . .      Faith    .   (no shield)
rNeg    . . .      Spirit   .   b - +0 leather armour
rPois   +          Reflect  .   c - +0 helmet
rElec   .          Harm     .   (no cloak)
rCorr   .          Rampage  .   (no gloves)
Will    .....                   (no boots)
Stlth   ++++......              v - amulet of regeneration
HPRegen 0.96/turn               j - ring of poison resistance
MPRegen 0.11/turn               o - +4 ring of slaying

@: no status effects
A: small, no large weapons, nightstalker 3
a: no special abilities


You were on level 6 of the Dungeon.
You visited 1 branch of the dungeon, and saw 6 of its levels.
You also visited: Sewer.

You collected 295 gold pieces.

Inventory:

Hand Weapons
 a - a +0 rapier (weapon)
Missiles
 d - 3 throwing nets
 B - 19 poisoned darts (quivered)
Armour
 b - a +0 leather armour (worn)
 c - a +0 helmet (worn)
Jewellery
 j - a ring of poison resistance (left hand)
 o - a +4 ring of slaying (right hand)
 u - a +6 ring of intelligence
 v - an amulet of regeneration (around neck)
 E - an amulet of faith
Wands
 e - a wand of roots (12)
 D - a wand of mindburst (10)
 G - a wand of polymorph (13)
Scrolls
 g - a scroll of fog {unknown}
 h - 2 scrolls of summoning {unknown}
 i - 2 scrolls of enchant weapon {unknown}
 k - a scroll of fear {unknown}
 m - 4 scrolls of amnesia {unknown}
 p - 8 scrolls of identify {unknown}
 r - 3 scrolls of teleportation {unknown}
 s - 2 scrolls of noise {unknown}
 w - 2 scrolls of enchant armour {unknown}
 y - a scroll of immolation {unknown}
 C - a scroll of torment {unknown}
 H - a scroll of blinking
Potions
 f - a potion of lignification {unknown}
 l - 3 potions of magic {unknown}
 n - 3 potions of curing {unknown}
 q - a potion of might {unknown}
 t - 4 potions of mutation {unknown}
 x - a potion of brilliance {unknown}
 z - 2 potions of haste {unknown}
 A - 2 potions of heal wounds {unknown}
 F - a potion of resistance {unknown}


   Skills:
 * Level 4.0 Fighting
 * Level 7.7 Short Blades
 - Level 2.1 Throwing
 * Level 2.5 Armour
 * Level 5.5 Dodging
 * Level 6.2 Stealth


You had 7 spell levels left.
You didn't know any spells.
Your spell library contained the following spells:

 Spells                   Type           Power      Damage    Failure   Level
 Scorch                   Fire           0%         2d5       61%         2
 Call Canine Familiar     Summ           0%         N/A       83%         3
 Ignite Poison            Fire/Tmut/Pois 0%         N/A       83%         3
 Mephitic Cloud           Conj/Pois/Air  0%         N/A       83%         3
 Portal Projectile        Hex/Tloc       0%         N/A       83%         3
 Flame Wave               Conj/Fire      0%         2d4       99%         4
 Leda's Liquefaction      Hex/Erth       0%         N/A       99%         4
 Freezing Cloud           Conj/Ice/Air   0%         6-21      100%        5
 Summon Cactus Giant      Summ           0%         N/A       100%        6


Dungeon Overview and Level Annotations

Branches:
Dungeon (6/15)              Sewer (visited)
 Temple: D:4-7

Altars:
Hepliaklqana
Trog

Shops:
D:1 !   D:2 [   D:4 [(*(


Innate Abilities, Weirdness & Mutations

You are small and have problems with some larger weapons.
You are completely attuned to the shadows.


Message History

You now have 295 gold pieces (gained 19).
You hear the slow hiss of an avalanche of sand nearby.
Found a robe and 2 bubbling black potions.
t - 4 bubbling black potions (gained 2)
You hear the slow hiss of an avalanche of sand very nearby.
An orc comes into view. It is wielding a +0 flail.
An orc warrior and an orc come into view.
An orc comes into view. It is wielding a +0 club.
The orc shouts! x2; The orc warrior shouts!
The orc shouts!
The orc hits you with a +0 flail. The orc barely misses you.
You hit the orc.
The orc is almost dead.
The orc completely misses you. The orc closely misses you.
The orc attacks as you move away! The orc hits you with a +0 flail!
You closely miss the orc warrior. The orc warrior misses you.
You hit the orc warrior.
The orc warrior is lightly wounded.
The orc warrior misses you.
You hit the orc warrior but do no damage.
The orc warrior closely misses you.
You hit the orc warrior.
The orc warrior is lightly wounded.
The orc warrior misses you.
You closely miss the orc warrior. You punch the orc warrior.
The orc warrior is lightly wounded.
You hit the orc warrior but do no damage.
The orc warrior is lightly wounded.
The orc warrior hits you with a +0 battleaxe!!
You hit the orc warrior.
The orc warrior is lightly wounded.
The orc warrior hits you with a +0 battleaxe!!
* * * LOW HITPOINT WARNING * * *
Aiming: Mindburst
Press: ? - help, Shift-Dir - straight line, f - orc warrior
Aim: an orc warrior, wielding a +0 battleaxe and wearing a +0 plate armour (lightly wounded, chance to affect: 64%)
The orc warrior struggles to resist.
The orc warrior barely misses you.
The orc warrior attacks as you move away!
The orc warrior hits you with a +0 battleaxe!
You die...

..# ######..#
........# .......#.
###### #.....
#....#### #oo.##
#.#.....# ##oo.#
#.#####.# #@####
######.# #.# #.#
.....#.# #.# #.##
..##.#.# #.# ##.##
#.##.#.# #.# ##.###.
#.##.#.# #.# #....#
#.##.#.#
#.#####.####
..##.#.# ###.......#
..##.#.##..........#


You could see an orc warrior and 3 orcs.

Vanquished Creatures
  A black bear (D:5)
  An ogre (D:5)
  A necrophage (D:5)
  2 bullfrogs (Sewer)
  A scorpion (D:4)
  4 killer bees (D:6)
  A howler monkey (D:4)
  An orc priest (D:5)
  2 iguanas (D:4)
  3 adders
  3 worms (D:5)
  2 dart slugs
  9 orcs
  13 ball pythons
  4 bats
  5 endoplasms
  11 giant cockroaches
  12 hobgoblins
  10 jackals
  10 kobolds
  8 quokkas
  12 frilled lizards
  5 goblins
  7 rats
128 creatures vanquished.

Notes
Turn   | Place    | Note
-------+----------+-------------------------------------------
     0 | D:1      | Leibowitz the Kobold Gladiator began the quest for the Orb.
     0 | D:1      | Reached XP level 1. HP: 12/12 MP: 1/1
    98 | D:1      | Reached XP level 2. HP: 8/17 MP: 2/2
   299 | D:1      | Found a faded altar of an unknown god.
   728 | D:1      | Reached XP level 3. HP: 22/22 MP: 3/3
   754 | D:1      | Found Nuat's Distillery.
   759 | D:1      | Reached skill level 1 in Stealth
  1340 | D:2      | Found a hazy altar of Hepliaklqana.
  1585 | D:2      | Found Noriaf's Armour Shop.
  1823 | D:2      | Reached XP level 4. HP: 27/27 MP: 4/4
  2564 | D:3      | Reached skill level 5 in Short Blades
  2907 | D:3      | Reached skill level 1 in Armour
  2937 | D:3      | Reached XP level 5. HP: 31/31 MP: 5/5
  3571 | D:4      | Reached XP level 6. HP: 30/37 MP: 6/6
  3812 | D:4      | Found Lyoch's Weapon Emporium.
  3814 | D:4      | Found Orpho's Antique Weapon Emporium.
  3814 | D:4      | Found Ujol's Antique Armour Emporium.
  3818 | D:4      | Found Asos's Assorted Antiques.
  3947 | D:5      | Entered Level 5 of the Dungeon
  4100 | D:5      | Reached skill level 6 in Short Blades
  4122 | D:5      | Noticed a black bear
  4130 | D:5      | Killed a black bear
  4131 | D:5      | Reached XP level 7. HP: 37/41 MP: 7/7
  4137 | D:5      | Found a bloodstained altar of Trog.
  4188 | D:5      | Reached skill level 5 in Stealth
  4263 | D:5      | Found a glowing drain.
  4268 | Sewer    | Entered a sewer
  4333 | Sewer    | Reached skill level 5 in Dodging
  4519 | Sewer    | Reached skill level 7 in Short Blades
  5013 | D:5      | Reached XP level 8. HP: 48/48 MP: 8/8
  5294 | D:6      | Slain by an orc warrior

Illustrated notes

Levels and vault maps discovered:
D:1:      nicolae_arrival_somewhat_less_tricky_arrival, layout_rooms,
          serial_shops, shop_fountains, ebering_ecumenical_altar_hall,
          minmay_tetromino_l2
D:2:      layout_loops_corners, basic_altar, serial_shops, shop_statue
D:3:      minmay_chambers_of_threes, layout_basic
D:4:      layout_rooms, nrook_mini_backslash, minmay_shop_grid_forest,
          minmay_hedge_maze, st_stairs_5
D:5:      layout_loops_ring, general_overflow_altar, lightli_sewer_entry_pipes
D:6:      layout_loops_ring, minmay_temple_entry_nine_rooms,
          nicolae_ossuary_entry_catacombs

Skill      XL: |  1  2  3  4  5  6  7  8 |
---------------+-------------------------+-----
Dodging        | 4 5 |  5.5
Stealth        | 2 3 4 5 6 |  6.2
Short Blades   | 5 6 7 |  7.7
Armour         | 1 2 |  2.5
Fighting       | 3 4 |  4.0
Throwing       | |  2.1

Action                   |  1- 3 |  4- 6 |  7- 9 || total
-------------------------+-------+-------+-------++-------
Melee: Rapier            |    59 |   126 |   104 ||   289
       Punch             |       |     1 |     1 ||     2
Throw: Dart              |       |     3 |     8 ||    11
Evoke: Wand              |       |       |     1 ||     1
 Stab: Sleeping          |    11 |    20 |     8 ||    39
Armor: Leather armour    |    15 |    12 |    16 ||    43
Dodge: Dodged            |    50 |    90 |   109 ||   249
